Barracuda vs Wolfpack
Created - May 19, 2022 at 22:00
Goals
|
| Barracuda |
0 |
1 |
3 |
4 |
| Wolfpack |
3 |
1 |
1 |
5 |
|
Shots
|
| Barracuda |
6 |
9 |
5 |
20 |
| Wolfpack |
7 |
12 |
20 |
39 |
|
1st period
1. Wolfpack , Seth Griffith 24 (David Pope 27, Jonas Brodin 3) at 3:19
2. Wolfpack , David Pope 24 (Seth Griffith 13) at 15:35
3. Wolfpack , Derrick Pouliot 6 (Henrik Samuelsson 51, Ryan Dzingel 24) at 17:16
Penalties :
Eric Gustafsson (S.J) for Interference (Minor) at 13:02, Kevin Roy (Har) for Roughing (Minor) at 19:39
2nd period
4. Barracuda , William Carrier 28 (Emil Pettersson 27, Markus Nutivaara 61) at 12:06
5. Wolfpack , Sebastian Collberg 18 (Jonas Brodin 4, Maxime Sauvé 61) at 12:12
Penalties :
Keegan Kolesar (Har) for Interference (Minor) at 17:41
3rd period
6. Barracuda , Arturs Kulda 10 (Markus Nutivaara 62, Oscar Dansk) at 0:33 (PP)
7. Wolfpack , Dave Dziurzynski 23 (Maxime Sauvé 62, Sebastian Collberg 30) at 11:10 (PP)
8. Barracuda , Alex Henriksson 10 (Noah Gregor 5, Cole Ully 23) at 14:19
9. Barracuda , Alex Henriksson 11 (Theodor Blueger 19, Cole Ully 24) at 15:27
Penalties :
Maxime Sauvé (Har) for Slashing (Minor) at 0:22, Sam Carrick (S.J) for Hooking (Minor) at 2:35, Chris Wagner (S.J) for Holding (Minor) at 5:52, Sam Carrick (S.J) for Goalie Interference (Minor) at 10:15, Alex Henriksson (S.J) for Hooking (Minor) at 12:08, Eric Gustafsson (S.J) for Hooking (Minor) at 17:24
Goalie Stats
Joacim Eriksson (S.J), 14 saves from 18 shots - (0.778), 32:12 minutes
Oscar Dansk (S.J), 20 saves from 21 shots - (0.952), L, 7-9-0, 27:24 minutes
Samuel Montembeault (Har), 16 saves from 20 shots - (0.800), W, 20-15-2, 60:00 minutes
Players Stats for Barracuda
Player Name G A P +/- PIM S H SB GA TA FO MP PP MP PK MP
------------------------------------------------------------------------------------
Alex Henriksson 2 0 2 2 2 3 1 0 0 0 0/0 10:23 0:10 2:33
Alex Iafallo 0 0 0 -2 0 2 3 1 0 1 1/1 24:08 2:26 5:20
Arturs Kulda 1 0 1 -1 0 1 2 3 0 1 0/0 27:44 2:17 5:27
Chris Wagner 0 0 0 -1 2 1 0 0 0 0 0/2 13:44 1:33 0:00
Cole Ully 0 2 2 0 0 0 1 0 0 0 0/0 10:10 0:00 0:42
David Shields 0 0 0 0 0 0 1 1 0 0 0/0 12:14 0:00 1:28
Dmitrij Jaskin 0 0 0 -2 0 0 0 0 0 1 0/1 18:59 2:36 0:00
Emil Pettersson 0 1 1 -1 0 2 1 1 1 1 9/15 17:58 1:33 4:37
Eric Gustafsson 0 0 0 0 4 1 1 0 0 1 0/0 19:59 1:52 4:01
Mario Lucia 0 0 0 0 0 0 1 0 1 0 0/2 9:17 0:00 0:00
Markus Nutivaara 0 2 2 -1 0 1 5 4 0 0 0/0 27:55 2:17 4:55
Noah Gregor 0 1 1 2 0 0 0 0 0 0 1/3 7:14 0:00 0:17
Robin Norell 0 0 0 0 0 0 2 1 0 0 0/0 11:28 0:00 0:00
Sam Carrick 0 0 0 -2 4 3 2 1 0 0 17/33 22:35 2:26 4:17
Samuel Groulx 0 0 0 0 0 1 1 0 1 0 0/0 21:13 1:52 5:49
Theodor Blueger 0 1 1 0 0 3 0 0 2 0 2/6 11:43 0:10 1:39
Thomas Gobeil 0 0 0 2 0 0 0 0 0 0 0/0 6:57 0:00 0:00
William Carrier 1 0 1 -1 0 2 2 0 1 0 0/0 15:23 1:33 2:15
Players Stats for Wolfpack
Player Name G A P +/- PIM S H SB GA TA FO MP PP MP PK MP
------------------------------------------------------------------------------------
Alex Barre-Boulet 0 0 0 0 0 0 0 0 0 0 0/0 0:00 0:00 0:00
Connor Chatam 0 0 0 1 0 0 1 1 0 0 0/0 19:20 4:12 0:00
Dave Dziurzynski 1 0 1 0 0 5 0 0 2 0 0/0 22:04 6:33 2:35
David Pope 1 1 2 0 0 3 0 0 0 0 2/2 13:41 0:05 1:11
Derrick Pouliot 1 0 1 1 0 2 1 1 0 0 0/0 27:30 5:44 2:45
Henrik Samuelsson 0 1 1 1 0 3 3 0 0 0 6/10 18:48 4:12 0:56
Jonas Brodin 0 2 2 1 0 2 0 2 0 0 0/0 27:30 5:44 2:45
Joshua Jacobs 0 0 0 1 0 0 0 0 0 1 0/0 10:30 0:00 0:00
Keegan Kolesar 0 0 0 0 2 1 0 0 0 0 1/1 11:39 0:05 0:00
Kevin Roy 0 0 0 0 2 0 0 0 0 0 2/2 6:27 0:00 0:00
Maxime Sauvé 0 2 2 0 2 5 0 0 0 1 18/40 21:45 6:33 2:17
Mikhail Sergachev 0 0 0 -1 0 2 0 2 1 3 0/0 22:00 5:06 1:24
Ryan Culkin 0 0 0 1 0 3 0 1 0 0 0/0 10:30 0:00 0:00
Ryan Dzingel 0 1 1 1 0 3 3 0 0 0 1/1 19:11 4:12 1:19
Samuel Blais 0 0 0 0 0 1 1 0 0 0 0/0 6:16 0:00 0:00
Sebastian Collberg 1 1 2 0 0 7 5 2 1 0 0/1 23:48 6:33 0:00
Seth Griffith 1 1 2 0 0 1 2 1 1 0 3/6 12:49 0:05 0:00
Steven Santini 0 0 0 -1 0 1 1 0 0 1 0/0 22:00 5:06 1:24
3 Stars
1 - Sebastian Collberg (Har)
2 - Alex Henriksson (S.J)
3 - Seth Griffith (Har)
Power Play
Barracuda - 1 on 3 Attempt(s) - 33.33%
Wolfpack - 1 on 6 Attempt(s) - 16.67%
Penalty Kill
Barracuda - 5 on 6 Attempt(s) - 83.33%
- Score 0 goal in Penalty Kill
Wolfpack - 2 on 3 Attempt(s) - 66.67%
- Score 0 goal in Penalty Kill
Team Stat
Barracuda - Hits : 23 - Faceoff Wins : 30 - Blocked Shots : 12 - Penalty Minutes : 12
Wolfpack - Hits : 17 - Faceoff Wins : 33 - Blocked Shots : 10 - Penalty Minutes : 6
Official
Referees : Marc Joannette and Dan Kelly
Linesman : David Brisebois and James Tobias
Game Notes
Oscar Dansk enters game at 12:12 of 2nd period
Finance
Level 1 -- Attendance: 2000 (100.00%) -- Ticket Income $70,000
Level 2 -- Attendance: 1000 (100.00%) -- Ticket Income $15,000
Total Attendance: 3000 (100.00%)
Total Ticket Income: $85,000
Other Income: $4,250
Total Income: $89,250
Barracuda
5 vs 5 Forward
Center Left Wing Right Wing Time % Phy DF OF
1 Sam Carrick Alex Iafallo Dmitrij Jaskin 40 1 2 2
2 Emil Pettersson William Carrier Chris Wagner 30 1 2 2
3 Theodor Blueger Cole Ully Mario Lucia 20 1 2 2
4 Noah Gregor Alex Henriksson Thomas Gobeil 10 1 2 2
5 vs 5 Defense
Defense Defense Time % Phy DF OF
1 Arturs Kulda Markus Nutivaara 40 1 2 2
2 Eric Gustafsson Samuel Groulx 30 1 2 2
3 David Shields Robin Norell 20 1 2 2
4 Arturs Kulda Markus Nutivaara 10 1 2 2
PowerPlay Forward
Center Left Wing Right Wing Time % Phy DF OF
1 Sam Carrick Alex Iafallo Dmitrij Jaskin 60 1 2 2
2 Emil Pettersson William Carrier Chris Wagner 40 1 2 2
PowerPlay Defense
Defense Defense Time % Phy DF OF
1 Arturs Kulda Markus Nutivaara 60 1 2 2
2 Eric Gustafsson Samuel Groulx 40 1 2 2
Penalty Kill 4 Players Forward
Center Wing Time % Phy DF OF
1 Sam Carrick Alex Iafallo 60 1 2 2
2 Emil Pettersson William Carrier 40 1 2 2
Penalty Kill 4 Players Defense
Defense Defense Time % Phy DF OF
1 Arturs Kulda Markus Nutivaara 60 1 2 2
2 Eric Gustafsson Samuel Groulx 40 1 2 2
Penalty Kill - 3 Players Forward
Forward Time % Phy DF OF
1 Sam Carrick 60 1 2 2
2 Emil Pettersson 40 1 2 2
Penalty Kill - 3 Players Defense
Defense Defense Time % Phy DF OF
1 Arturs Kulda Markus Nutivaara 60 1 2 2
2 Eric Gustafsson Samuel Groulx 40 1 2 2
4 vs 4 Forward
Center Wing Time % Phy DF OF
1 Sam Carrick Alex Iafallo 60 1 2 2
2 Emil Pettersson William Carrier 40 1 2 2
4 vs 4 Defense
Defense Defense Time % Phy DF OF
1 Arturs Kulda Markus Nutivaara 60 1 2 2
2 Eric Gustafsson Samuel Groulx 40 1 2 2
Last Minutes Offensive
Center Left Wing Right Wing Defense Defense
Sam Carrick Alex Iafallo Dmitrij Jaskin Arturs Kulda Markus Nutivaara
Last Minutes Defensive
Center Left Wing Right Wing Defense Defense
Sam Carrick Alex Iafallo Dmitrij Jaskin Arturs Kulda Markus Nutivaara
Goaltenders
Starting : Joacim Eriksson
Backup : Oscar Dansk
Extra Forwards
Normal : Emil Pettersson, Chris Wagner, Theodor Blueger - PP : Emil Pettersson, Chris Wagner - PK : Emil Pettersson
Extra Defensemen
Normal : Samuel Groulx, David Shields, Robin Norell - PP : Samuel Groulx - PK : Samuel Groulx, David Shields
Penalty Shots
Alex Iafallo, Dmitrij Jaskin, Sam Carrick, William Carrier, Emil Pettersson
Scratches
Alex Lintuniemi (Healthy), Brandon Kozun (Healthy), Jaedon Descheneau (Healthy), Jerome Gauthier-Leduc (Healthy), Justin Shugg (Healthy)
Tanner Jeannot (Healthy), Drew O'Connor (Healthy), Dennis Cholowski (Healthy), Kevin Lankinen (Healthy)
Wolfpack
5 vs 5 Forward
Center Left Wing Right Wing Time % Phy DF OF
1 Maxime Sauvé Dave Dziurzynski Sebastian Collberg 40 1 2 2
2 Henrik Samuelsson Ryan Dzingel Connor Chatam 30 1 2 2
3 Seth Griffith David Pope Keegan Kolesar 20 1 2 2
4 Kevin Roy Samuel Blais Sebastian Collberg 10 1 2 2
5 vs 5 Defense
Defense Defense Time % Phy DF OF
1 Jonas Brodin Derrick Pouliot 40 1 2 2
2 Steven Santini Mikhail Sergachev 30 1 2 2
3 Ryan Culkin Joshua Jacobs 20 1 2 2
4 Jonas Brodin Derrick Pouliot 10 1 2 2
PowerPlay Forward
Center Left Wing Right Wing Time % Phy DF OF
1 Maxime Sauvé Dave Dziurzynski Sebastian Collberg 60 1 2 2
2 Henrik Samuelsson Ryan Dzingel Connor Chatam 40 1 2 2
PowerPlay Defense
Defense Defense Time % Phy DF OF
1 Jonas Brodin Derrick Pouliot 60 1 2 2
2 Steven Santini Mikhail Sergachev 40 1 2 2
Penalty Kill 4 Players Forward
Center Wing Time % Phy DF OF
1 Maxime Sauvé Dave Dziurzynski 60 1 2 2
2 Henrik Samuelsson Ryan Dzingel 40 1 2 2
Penalty Kill 4 Players Defense
Defense Defense Time % Phy DF OF
1 Jonas Brodin Derrick Pouliot 60 1 2 2
2 Steven Santini Mikhail Sergachev 40 1 2 2
Penalty Kill - 3 Players Forward
Forward Time % Phy DF OF
1 Maxime Sauvé 60 1 2 2
2 Henrik Samuelsson 40 1 2 2
Penalty Kill - 3 Players Defense
Defense Defense Time % Phy DF OF
1 Jonas Brodin Derrick Pouliot 60 1 2 2
2 Steven Santini Mikhail Sergachev 40 1 2 2
4 vs 4 Forward
Center Wing Time % Phy DF OF
1 Maxime Sauvé Dave Dziurzynski 60 1 2 2
2 Henrik Samuelsson Ryan Dzingel 40 1 2 2
4 vs 4 Defense
Defense Defense Time % Phy DF OF
1 Jonas Brodin Derrick Pouliot 60 1 2 2
2 Steven Santini Mikhail Sergachev 40 1 2 2
Last Minutes Offensive
Center Left Wing Right Wing Defense Defense
Maxime Sauvé Dave Dziurzynski Sebastian Collberg Jonas Brodin Derrick Pouliot
Last Minutes Defensive
Center Left Wing Right Wing Defense Defense
Maxime Sauvé Dave Dziurzynski Sebastian Collberg Jonas Brodin Derrick Pouliot
Goaltenders
Starting : Samuel Montembeault
Backup : Mike Condon
Extra Forwards
Normal : David Pope, Seth Griffith, Sebastian Collberg - PP : David Pope, Seth Griffith - PK : David Pope
Extra Defensemen
Normal : Mikhail Sergachev, Ryan Culkin, Joshua Jacobs - PP : Mikhail Sergachev - PK : Mikhail Sergachev, Ryan Culkin
Penalty Shots
Maxime Sauvé, Dave Dziurzynski, Henrik Samuelsson, Ryan Dzingel, David Pope
Scratches
Adam Lowry (Healthy), Colton White (Healthy), Dryden Hunt (Healthy), Jacob Middleton (Healthy), Jake Marchment (Healthy)
Joel Kiviranta (Healthy), Mikhail Vorobyev (Healthy), Will Borgen (Healthy), Alexander Barabanov (Healthy), Andrew Peeke (Healthy)
Dante Fabbro (Healthy), Jeffrey Viel (Healthy), Yegor Korshkov (Healthy), Jake Paterson (Healthy)
% Time on Ice - Barracuda
Lines # - Real PCT - Wanted PCT - Time Play
Normal Forward
1 - 37% - 40% - 16:41
2 - 26% - 30% - 11:35
3 - 21% - 20% - 9:17
4 - 16% - 10% - 6:57
Normal Defense
1 - 41% - 40% - 18:25
2 - 30% - 30% - 13:32
3 - 24% - 20% - 10:40
4 - 4% - 10% - 1:53
PP Forward
1 - 63% - 60% - 2:36
2 - 37% - 40% - 1:33
PP Defense
1 - 55% - 60% - 2:17
2 - 45% - 40% - 1:52
PK Forward
1 - 76% - 60% - 8:16
2 - 24% - 40% - 2:34
PK Defense
1 - 46% - 60% - 5:01
2 - 54% - 40% - 5:49
PK3 Forward
1 - 0% - 60%
2 - 0% - 40%
PK3 Defense
1 - 0% - 60%
2 - 0% - 40%
44 Forward
1 - 0% - 60%
2 - 0% - 40%
44 Defense
1 - 0% - 60%
2 - 0% - 40%
Last Minute Offensive - 0:31
Last Minute Defensive - 0:00
Total
Forward - 60:00
Defense - 60:00
|
% Time on Ice - Wolfpack
Lines # - Real PCT - Wanted PCT - Time Play
Normal Forward
1 - 29% - 40% - 12:56
2 - 31% - 30% - 13:40
3 - 26% - 20% - 11:35
4 - 14% - 10% - 6:16
Normal Defense
1 - 39% - 40% - 17:28
2 - 35% - 30% - 15:30
3 - 24% - 20% - 10:30
4 - 2% - 10% - 0:59
PP Forward
1 - 61% - 60% - 6:38
2 - 39% - 40% - 4:12
PP Defense
1 - 53% - 60% - 5:44
2 - 47% - 40% - 5:06
PK Forward
1 - 81% - 60% - 3:22
2 - 19% - 40% - 0:47
PK Defense
1 - 66% - 60% - 2:45
2 - 34% - 40% - 1:24
PK3 Forward
1 - 0% - 60%
2 - 0% - 40%
PK3 Defense
1 - 0% - 60%
2 - 0% - 40%
44 Forward
1 - 0% - 60%
2 - 0% - 40%
44 Defense
1 - 0% - 60%
2 - 0% - 40%
Last Minute Offensive - 0:00
Last Minute Defensive - 0:34
Total
Forward - 60:00
Defense - 60:00
|
Play-by-Play
1st period
0:01 of 1st period - Sam Carrick wins face-off versus Maxime Sauvé in neutral zone.
0:48 of 1st period - Eric Gustafsson is hit by Seth Griffith and loses puck.
2:03 of 1st period - Dave Dziurzynski is hit by Samuel Groulx and loses puck.
2:15 of 1st period - Icing by Chris Wagner.
2:16 of 1st period - Henrik Samuelsson wins face-off versus Theodor Blueger in Barracuda zone.
2:45 of 1st period - Slapshot by Mario Lucia.
2:45 of 1st period - Shot Misses the Net.
2:47 of 1st period - Snap shot by Theodor Blueger.
2:47 of 1st period - Stopped by Samuel Montembeault with a rebound.
2:49 of 1st period - Slapshot by Mario Lucia.
2:49 of 1st period - Deflect By Theodor Blueger.
2:49 of 1st period - Shot Misses the Net.
2:49 of 1st period - Puck is out of play.
2:50 of 1st period - Sam Carrick wins face-off versus Maxime Sauvé in Wolfpack zone.
3:19 of 1st period - Slapshot by Seth Griffith.
3:19 of 1st period - Goal by Seth Griffith - Barracuda : 0 - Wolfpack : 1.
3:20 of 1st period - Maxime Sauvé wins face-off versus Sam Carrick in neutral zone.
3:27 of 1st period - Snap shot by Dave Dziurzynski.
3:27 of 1st period - Stopped by Joacim Eriksson with a rebound.
3:29 of 1st period - Snap shot by Derrick Pouliot.
3:29 of 1st period - Stopped by Joacim Eriksson without a rebound.
3:30 of 1st period - Alex Iafallo wins face-off versus Sebastian Collberg in Barracuda zone.
3:45 of 1st period - Sebastian Collberg is hit by Alex Iafallo and loses puck.
4:06 of 1st period - Snap shot by Sebastian Collberg.
4:06 of 1st period - Shot Misses the Net.
4:08 of 1st period - Wrist shot by Sebastian Collberg.
4:08 of 1st period - Deflect By Dave Dziurzynski.
4:08 of 1st period - Shot Blocked by Arturs Kulda.
4:08 of 1st period - Puck is out of play.
4:09 of 1st period - Seth Griffith wins face-off versus Emil Pettersson in Barracuda zone.
4:34 of 1st period - Henrik Samuelsson is hit by David Shields and loses puck.
4:59 of 1st period - Icing by Kevin Roy.
5:00 of 1st period - Kevin Roy wins face-off versus Theodor Blueger in Wolfpack zone.
5:51 of 1st period - Wrist shot by Henrik Samuelsson.
5:51 of 1st period - Shot Misses the Net.
7:06 of 1st period - Snap shot by Emil Pettersson.
7:06 of 1st period - Shot Blocked by Mikhail Sergachev.
7:08 of 1st period - Wrist shot by Chris Wagner.
7:08 of 1st period - Shot Misses the Net.
7:10 of 1st period - Snap shot by Emil Pettersson.
7:10 of 1st period - Deflect By Chris Wagner.
7:10 of 1st period - Stopped by Samuel Montembeault without a rebound.
7:11 of 1st period - Emil Pettersson wins face-off versus Henrik Samuelsson in Wolfpack zone.
7:14 of 1st period - Wrist shot by William Carrier.
7:14 of 1st period - Stopped by Samuel Montembeault without a rebound.
7:15 of 1st period - Emil Pettersson wins face-off versus Henrik Samuelsson in Wolfpack zone.
8:46 of 1st period - David Shields is hit by Sebastian Collberg and loses puck.
9:27 of 1st period - Snap shot by Dmitrij Jaskin.
9:27 of 1st period - Shot Blocked by Ryan Culkin.
9:29 of 1st period - Snap shot by Dmitrij Jaskin.
9:29 of 1st period - Shot Blocked by Sebastian Collberg.
9:45 of 1st period - Snap shot by Emil Pettersson.
9:45 of 1st period - Stopped by Samuel Montembeault with a rebound.
10:45 of 1st period - Snap shot by William Carrier.
10:45 of 1st period - Shot Misses the Net.
10:47 of 1st period - Wrist shot by William Carrier.
10:47 of 1st period - Shot Misses the Net.
10:59 of 1st period - Markus Nutivaara is hit by Steven Santini and loses puck.
12:48 of 1st period - Connor Chatam is hit by William Carrier.
13:02 of 1st period - Minor Penalty to Eric Gustafsson for Interference.
13:03 of 1st period - Sam Carrick wins face-off versus Maxime Sauvé in Barracuda zone.
13:10 of 1st period - Wrist shot by Dave Dziurzynski.
13:10 of 1st period - Deflect By Maxime Sauvé.
13:10 of 1st period - Shot Misses the Net.
13:10 of 1st period - Puck is out of play.
13:11 of 1st period - Sam Carrick wins face-off versus Maxime Sauvé in Barracuda zone.
13:16 of 1st period - Wrist shot by Dave Dziurzynski.
13:16 of 1st period - Deflect By Maxime Sauvé.
13:16 of 1st period - Shot Misses the Net.
13:16 of 1st period - Puck is out of play.
13:17 of 1st period - Sam Carrick wins face-off versus Maxime Sauvé in Barracuda zone.
14:32 of 1st period - Sebastian Collberg is hit by Markus Nutivaara.
15:00 of 1st period - Mikhail Sergachev is hit by Alex Henriksson and loses puck.
15:02 of 1st period - Penalty to Eric Gustafsson is over, Eric Gustafsson is back on ice.
15:31 of 1st period - Snap shot by Dave Dziurzynski.
15:31 of 1st period - Stopped by Joacim Eriksson without a rebound.
15:32 of 1st period - Seth Griffith wins face-off versus Emil Pettersson in Barracuda zone.
15:35 of 1st period - Snap shot by Seth Griffith.
15:35 of 1st period - Deflect By David Pope.
15:35 of 1st period - Goal by David Pope - Barracuda : 0 - Wolfpack : 2.
15:36 of 1st period - Henrik Samuelsson wins face-off versus Sam Carrick in neutral zone.
15:39 of 1st period - Slapshot by Ryan Dzingel.
15:39 of 1st period - Stopped by Joacim Eriksson without a rebound.
15:40 of 1st period - Sam Carrick wins face-off versus Henrik Samuelsson in Barracuda zone.
15:57 of 1st period - Connor Chatam is hit by Alex Iafallo and loses puck.
16:26 of 1st period - Snap shot by Connor Chatam.
16:26 of 1st period - Shot Misses the Net.
16:28 of 1st period - Wrist shot by Derrick Pouliot.
16:28 of 1st period - Shot Misses the Net.
16:42 of 1st period - Sam Carrick is hit by Henrik Samuelsson.
17:00 of 1st period - Snap shot by Ryan Dzingel.
17:00 of 1st period - Shot Blocked by Markus Nutivaara.
17:14 of 1st period - Snap shot by Henrik Samuelsson.
17:14 of 1st period - Shot Misses the Net.
17:16 of 1st period - Slapshot by Derrick Pouliot.
17:16 of 1st period - Goal by Derrick Pouliot - Barracuda : 0 - Wolfpack : 3.
17:17 of 1st period - Emil Pettersson wins face-off versus Maxime Sauvé in neutral zone.
17:20 of 1st period - Slapshot by Emil Pettersson.
17:20 of 1st period - Shot Hit the Post.
17:22 of 1st period - Slapshot by William Carrier.
17:22 of 1st period - Deflect By Emil Pettersson.
17:22 of 1st period - Shot Misses the Net.
17:22 of 1st period - Puck is out of play.
17:23 of 1st period - Emil Pettersson wins face-off versus Maxime Sauvé in Wolfpack zone.
18:43 of 1st period - Wrist shot by Mario Lucia.
18:43 of 1st period - Deflect By Cole Ully.
18:43 of 1st period - Shot Misses the Net.
18:43 of 1st period - Puck is out of play.
18:44 of 1st period - Theodor Blueger wins face-off versus Maxime Sauvé in Wolfpack zone.
18:47 of 1st period - Wrist shot by Theodor Blueger.
18:47 of 1st period - Stopped by Samuel Montembeault with a rebound.
18:49 of 1st period - Slapshot by Markus Nutivaara.
18:49 of 1st period - Stopped by Samuel Montembeault without a rebound.
18:50 of 1st period - Emil Pettersson wins face-off versus Maxime Sauvé in Wolfpack zone.
18:53 of 1st period - Wrist shot by Emil Pettersson.
18:53 of 1st period - Shot Blocked by Connor Chatam.
19:39 of 1st period - Minor Penalty to Kevin Roy for Roughing.
19:40 of 1st period - Maxime Sauvé wins face-off versus Sam Carrick in Wolfpack zone.
19:40 of 1st period - Maxime Sauvé is hit by Eric Gustafsson.
Goals for this period are 0 for Barracuda vs 3 for Wolfpack.
Shots for this period are 6 for Barracuda vs 7 for Wolfpack.
2nd period
0:01 of 2nd period - Maxime Sauvé wins face-off versus Sam Carrick in neutral zone.
0:08 of 2nd period - Backhand shot by Jonas Brodin.
0:08 of 2nd period - Stopped by Joacim Eriksson without a rebound.
0:09 of 2nd period - Maxime Sauvé wins face-off versus Sam Carrick in Barracuda zone.
1:13 of 2nd period - Dave Dziurzynski is hit by William Carrier and loses puck.
1:39 of 2nd period - Penalty to Kevin Roy is over, Kevin Roy is back on ice.
1:43 of 2nd period - Kevin Roy is hit by Sam Carrick and loses puck.
2:16 of 2nd period - Snap shot by Alex Henriksson.
2:16 of 2nd period - Stopped by Samuel Montembeault with a rebound.
2:22 of 2nd period - Arturs Kulda is hit by Samuel Blais and loses puck.
2:34 of 2nd period - Markus Nutivaara is hit by Sebastian Collberg and loses puck.
3:34 of 2nd period - Wrist shot by Sebastian Collberg.
3:34 of 2nd period - Stopped by Joacim Eriksson with a rebound.
3:36 of 2nd period - Slapshot by Samuel Blais.
3:36 of 2nd period - Stopped by Joacim Eriksson with a rebound.
3:38 of 2nd period - Snap shot by Samuel Blais.
3:38 of 2nd period - Shot Blocked by Markus Nutivaara.
3:40 of 2nd period - Slapshot by Ryan Culkin.
3:40 of 2nd period - Stopped by Joacim Eriksson without a rebound.
3:41 of 2nd period - Sam Carrick wins face-off versus Henrik Samuelsson in Barracuda zone.
3:54 of 2nd period - Snap shot by Henrik Samuelsson.
3:54 of 2nd period - Stopped by Joacim Eriksson with a rebound.
4:32 of 2nd period - Slapshot by Theodor Blueger.
4:32 of 2nd period - Stopped by Samuel Montembeault with a rebound.
4:34 of 2nd period - Backhand shot by Samuel Groulx.
4:34 of 2nd period - Deflect By Derrick Pouliot.
4:34 of 2nd period - Stopped by Samuel Montembeault without a rebound.
4:35 of 2nd period - Theodor Blueger wins face-off versus Maxime Sauvé in Wolfpack zone.
4:46 of 2nd period - Wrist shot by Jonas Brodin.
4:46 of 2nd period - Shot Blocked by David Shields.
4:57 of 2nd period - Icing by David Shields.
4:58 of 2nd period - Sam Carrick wins face-off versus Seth Griffith in Barracuda zone.
4:58 of 2nd period - Sam Carrick is hit by Seth Griffith.
5:28 of 2nd period - Emil Pettersson is hit by Sebastian Collberg and loses puck.
5:53 of 2nd period - Slapshot by Mario Lucia.
5:53 of 2nd period - Deflect By Theodor Blueger.
5:53 of 2nd period - Shot Misses the Net.
5:53 of 2nd period - Puck is out of play.
5:54 of 2nd period - Sam Carrick wins face-off versus Maxime Sauvé in Wolfpack zone.
6:01 of 2nd period - Slapshot by Alex Iafallo.
6:01 of 2nd period - Stopped by Samuel Montembeault with a rebound.
6:03 of 2nd period - Snap shot by Sam Carrick.
6:03 of 2nd period - Deflect By Sebastian Collberg.
6:03 of 2nd period - Stopped by Samuel Montembeault with a rebound.
6:05 of 2nd period - Wrist shot by Sam Carrick.
6:05 of 2nd period - Shot Blocked by Jonas Brodin.
6:07 of 2nd period - Slapshot by Eric Gustafsson.
6:07 of 2nd period - Deflect By Derrick Pouliot.
6:07 of 2nd period - Stopped by Samuel Montembeault without a rebound.
6:08 of 2nd period - Henrik Samuelsson wins face-off versus Emil Pettersson in Wolfpack zone.
6:42 of 2nd period - Eric Gustafsson is hit by Sebastian Collberg and loses puck.
7:02 of 2nd period - Snap shot by Seth Griffith.
7:02 of 2nd period - Shot Misses the Net.
8:08 of 2nd period - Snap shot by William Carrier.
8:08 of 2nd period - Shot Misses the Net.
8:24 of 2nd period - Snap shot by Ryan Dzingel.
8:24 of 2nd period - Deflect By Connor Chatam.
8:24 of 2nd period - Shot Blocked by Robin Norell.
8:24 of 2nd period - Puck is out of play.
8:25 of 2nd period - Sam Carrick wins face-off versus Maxime Sauvé in Barracuda zone.
9:01 of 2nd period - Wrist shot by Theodor Blueger.
9:01 of 2nd period - Deflect By Mario Lucia.
9:01 of 2nd period - Shot Misses the Net.
9:01 of 2nd period - Puck is out of play.
9:02 of 2nd period - Sam Carrick wins face-off versus Maxime Sauvé in Wolfpack zone.
9:07 of 2nd period - Snap shot by Dmitrij Jaskin.
9:07 of 2nd period - Shot Blocked by Sebastian Collberg.
9:13 of 2nd period - Slapshot by Sebastian Collberg.
9:13 of 2nd period - Shot Blocked by Alex Iafallo.
9:15 of 2nd period - Wrist shot by Dave Dziurzynski.
9:15 of 2nd period - Deflect By Maxime Sauvé.
9:15 of 2nd period - Stopped by Joacim Eriksson without a rebound.
9:16 of 2nd period - Emil Pettersson wins face-off versus Maxime Sauvé in Barracuda zone.
9:44 of 2nd period - Icing by Sam Carrick.
9:45 of 2nd period - Ryan Dzingel wins face-off versus Sam Carrick in Barracuda zone.
10:10 of 2nd period - Alex Iafallo is hit by Ryan Dzingel and loses puck.
10:17 of 2nd period - Snap shot by Sam Carrick.
10:17 of 2nd period - Stopped by Samuel Montembeault with a rebound.
10:29 of 2nd period - Snap shot by Ryan Dzingel.
10:29 of 2nd period - Stopped by Joacim Eriksson without a rebound.
10:30 of 2nd period - Maxime Sauvé wins face-off versus Emil Pettersson in Barracuda zone.
10:33 of 2nd period - Wrist shot by Sebastian Collberg.
10:33 of 2nd period - Stopped by Joacim Eriksson with a rebound.
10:35 of 2nd period - Slapshot by Maxime Sauvé.
10:35 of 2nd period - Deflect By Dave Dziurzynski.
10:35 of 2nd period - Stopped by Joacim Eriksson with a rebound.
10:37 of 2nd period - Wrist shot by Sebastian Collberg.
10:37 of 2nd period - Stopped by Joacim Eriksson with a rebound.
10:39 of 2nd period - Wrist shot by Dave Dziurzynski.
10:39 of 2nd period - Shot Blocked by Markus Nutivaara.
10:55 of 2nd period - Arturs Kulda is hit by Derrick Pouliot and loses puck.
11:07 of 2nd period - Off-side.
11:08 of 2nd period - Noah Gregor wins face-off versus Maxime Sauvé in neutral zone.
11:33 of 2nd period - Mikhail Sergachev is hit by Sam Carrick and loses puck.
12:06 of 2nd period - Snap shot by William Carrier.
12:06 of 2nd period - Goal by William Carrier - Barracuda : 1 - Wolfpack : 3.
12:07 of 2nd period - Maxime Sauvé wins face-off versus Sam Carrick in neutral zone.
12:12 of 2nd period - Slapshot by Sebastian Collberg.
12:12 of 2nd period - Goal by Sebastian Collberg - Barracuda : 1 - Wolfpack : 4.
12:12 of 2nd period - Oscar Dansk enters game.
12:13 of 2nd period - Sam Carrick wins face-off versus Maxime Sauvé in neutral zone.
13:12 of 2nd period - Slapshot by Arturs Kulda.
13:12 of 2nd period - Shot Blocked by Seth Griffith.
13:31 of 2nd period - Wrist shot by Alex Iafallo.
13:31 of 2nd period - Shot Misses the Net.
13:55 of 2nd period - Slapshot by Mikhail Sergachev.
13:55 of 2nd period - Stopped by Oscar Dansk with a rebound.
14:21 of 2nd period - Off-side.
14:22 of 2nd period - Maxime Sauvé wins face-off versus Emil Pettersson in neutral zone.
14:47 of 2nd period - Sam Carrick is hit by Ryan Dzingel and loses puck.
14:54 of 2nd period - Snap shot by Henrik Samuelsson.
14:54 of 2nd period - Shot Misses the Net.
15:27 of 2nd period - Slapshot by Mikhail Sergachev.
15:27 of 2nd period - Deflect By Kevin Roy.
15:27 of 2nd period - Shot Misses the Net.
15:27 of 2nd period - Puck is out of play.
15:28 of 2nd period - Kevin Roy wins face-off versus Noah Gregor in Barracuda zone.
16:19 of 2nd period - Ryan Culkin is hit by Robin Norell and loses puck.
16:54 of 2nd period - Eric Gustafsson is hit by Henrik Samuelsson and loses puck.
17:27 of 2nd period - Slapshot by Emil Pettersson.
17:27 of 2nd period - Stopped by Samuel Montembeault with a rebound.
17:33 of 2nd period - Slapshot by William Carrier.
17:33 of 2nd period - Shot Misses the Net.
17:35 of 2nd period - Slapshot by Markus Nutivaara.
17:35 of 2nd period - Shot Blocked by Mikhail Sergachev.
17:41 of 2nd period - Minor Penalty to Keegan Kolesar for Interference.
17:42 of 2nd period - Maxime Sauvé wins face-off versus Sam Carrick in Wolfpack zone.
17:42 of 2nd period - Maxime Sauvé is hit by Markus Nutivaara.
18:19 of 2nd period - Slapshot by Markus Nutivaara.
18:19 of 2nd period - Shot Misses the Net.
19:41 of 2nd period - Penalty to Keegan Kolesar is over, Keegan Kolesar is back on ice.
Goals for this period are 1 for Barracuda vs 1 for Wolfpack.
Shots for this period are 9 for Barracuda vs 12 for Wolfpack.
3rd period
0:01 of 3rd period - Sam Carrick wins face-off versus Maxime Sauvé in neutral zone.
0:16 of 3rd period - Wrist shot by Alex Iafallo.
0:16 of 3rd period - Shot Blocked by Jonas Brodin.
0:22 of 3rd period - Minor Penalty to Maxime Sauvé for Slashing.
0:23 of 3rd period - David Pope wins face-off versus Sam Carrick in Wolfpack zone.
0:23 of 3rd period - David Pope is hit by Arturs Kulda.
0:33 of 3rd period - Slapshot by Arturs Kulda.
0:33 of 3rd period - Goal by Arturs Kulda - Barracuda : 2 - Wolfpack : 4.
0:34 of 3rd period - Sam Carrick wins face-off versus Maxime Sauvé in neutral zone.
0:37 of 3rd period - Snap shot by Arturs Kulda.
0:37 of 3rd period - Shot Misses the Net.
0:39 of 3rd period - Snap shot by Sam Carrick.
0:39 of 3rd period - Stopped by Samuel Montembeault without a rebound.
0:40 of 3rd period - Maxime Sauvé wins face-off versus Sam Carrick in Wolfpack zone.
1:15 of 3rd period - Slapshot by Henrik Samuelsson.
1:15 of 3rd period - Stopped by Oscar Dansk without a rebound.
1:16 of 3rd period - Maxime Sauvé wins face-off versus Dmitrij Jaskin in Barracuda zone.
1:21 of 3rd period - Slapshot by Maxime Sauvé.
1:21 of 3rd period - Stopped by Oscar Dansk with a rebound.
1:23 of 3rd period - Slapshot by Steven Santini.
1:23 of 3rd period - Stopped by Oscar Dansk with a rebound.
1:25 of 3rd period - Snap shot by Maxime Sauvé.
1:25 of 3rd period - Stopped by Oscar Dansk with a rebound.
1:27 of 3rd period - Snap shot by Sebastian Collberg.
1:27 of 3rd period - Shot Misses the Net.
1:31 of 3rd period - Snap shot by Sebastian Collberg.
1:31 of 3rd period - Stopped by Oscar Dansk with a rebound.
1:41 of 3rd period - William Carrier is hit by Connor Chatam and loses puck.
1:46 of 3rd period - Snap shot by Henrik Samuelsson.
1:46 of 3rd period - Stopped by Oscar Dansk without a rebound.
1:47 of 3rd period - Emil Pettersson wins face-off versus Maxime Sauvé in Barracuda zone.
1:57 of 3rd period - Dave Dziurzynski is hit by Emil Pettersson and loses puck.
2:14 of 3rd period - Ryan Dzingel is hit by Markus Nutivaara.
2:22 of 3rd period - Connor Chatam is hit by Markus Nutivaara and loses puck.
2:35 of 3rd period - Minor Penalty to Sam Carrick for Hooking.
2:36 of 3rd period - Emil Pettersson wins face-off versus Maxime Sauvé in Barracuda zone.
3:24 of 3rd period - Sebastian Collberg is hit by Alex Iafallo and loses puck.
3:49 of 3rd period - Samuel Groulx is hit by Henrik Samuelsson and loses puck.
4:35 of 3rd period - Penalty to Sam Carrick is over, Sam Carrick is back on ice.
4:45 of 3rd period - Wrist shot by Mario Lucia.
4:45 of 3rd period - Deflect By Cole Ully.
4:45 of 3rd period - Shot Misses the Net.
4:45 of 3rd period - Puck is out of play.
4:46 of 3rd period - Keegan Kolesar wins face-off versus Mario Lucia in Wolfpack zone.
4:46 of 3rd period - Keegan Kolesar is hit by Robin Norell.
4:59 of 3rd period - Wrist shot by Ryan Culkin.
4:59 of 3rd period - Stopped by Oscar Dansk with a rebound.
5:07 of 3rd period - Wrist shot by David Pope.
5:07 of 3rd period - Deflect By Seth Griffith.
5:07 of 3rd period - Shot Misses the Net.
5:07 of 3rd period - Puck is out of play.
5:08 of 3rd period - Henrik Samuelsson wins face-off versus Chris Wagner in Barracuda zone.
5:46 of 3rd period - Snap shot by Steven Santini.
5:46 of 3rd period - Shot Blocked by Emil Pettersson.
5:52 of 3rd period - Minor Penalty to Chris Wagner for Holding.
5:53 of 3rd period - Maxime Sauvé wins face-off versus Sam Carrick in Barracuda zone.
7:52 of 3rd period - Penalty to Chris Wagner is over, Chris Wagner is back on ice.
7:55 of 3rd period - Snap shot by Chris Wagner.
7:55 of 3rd period - Shot Misses the Net.
7:57 of 3rd period - Wrist shot by Cole Ully.
7:57 of 3rd period - Deflect By Steven Santini.
7:57 of 3rd period - Shot Misses the Net.
7:57 of 3rd period - Puck is out of play.
7:58 of 3rd period - Seth Griffith wins face-off versus Theodor Blueger in Wolfpack zone.
7:58 of 3rd period - Seth Griffith is hit by Mario Lucia.
8:10 of 3rd period - Backhand shot by Seth Griffith.
8:10 of 3rd period - Shot Misses the Net.
8:12 of 3rd period - Snap shot by Ryan Culkin.
8:12 of 3rd period - Stopped by Oscar Dansk without a rebound.
8:13 of 3rd period - Sam Carrick wins face-off versus Seth Griffith in Barracuda zone.
8:20 of 3rd period - Snap shot by David Pope.
8:20 of 3rd period - Shot Blocked by Arturs Kulda.
8:22 of 3rd period - Snap shot by Seth Griffith.
8:22 of 3rd period - Deflect By Keegan Kolesar.
8:22 of 3rd period - Stopped by Oscar Dansk without a rebound.
8:23 of 3rd period - Sam Carrick wins face-off versus Seth Griffith in Barracuda zone.
9:14 of 3rd period - Wrist shot by Seth Griffith.
9:14 of 3rd period - Shot Misses the Net.
9:18 of 3rd period - Snap shot by Seth Griffith.
9:18 of 3rd period - Shot Misses the Net.
9:20 of 3rd period - Slapshot by Jonas Brodin.
9:20 of 3rd period - Stopped by Oscar Dansk with a rebound.
9:22 of 3rd period - Snap shot by Seth Griffith.
9:22 of 3rd period - Shot Misses the Net.
9:26 of 3rd period - Slapshot by David Pope.
9:26 of 3rd period - Stopped by Oscar Dansk with a rebound.
9:28 of 3rd period - Snap shot by David Pope.
9:28 of 3rd period - Stopped by Oscar Dansk with a rebound.
9:30 of 3rd period - Slapshot by Jonas Brodin.
9:30 of 3rd period - Shot Blocked by Sam Carrick.
9:32 of 3rd period - Snap shot by Keegan Kolesar.
9:32 of 3rd period - Shot Blocked by Markus Nutivaara.
9:46 of 3rd period - Slapshot by Dmitrij Jaskin.
9:46 of 3rd period - Shot Misses the Net.
9:53 of 3rd period - Icing by Arturs Kulda.
9:54 of 3rd period - Maxime Sauvé wins face-off versus Sam Carrick in Barracuda zone.
9:55 of 3rd period - Wrist shot by Sebastian Collberg.
9:55 of 3rd period - Shot Blocked by Arturs Kulda.
9:57 of 3rd period - Wrist shot by Sebastian Collberg.
9:57 of 3rd period - Stopped by Oscar Dansk with a rebound.
10:07 of 3rd period - Wrist shot by Sebastian Collberg.
10:07 of 3rd period - Shot Misses the Net.
10:15 of 3rd period - Minor Penalty to Sam Carrick for Goalie Interference.
10:16 of 3rd period - Emil Pettersson wins face-off versus Maxime Sauvé in Barracuda zone.
10:56 of 3rd period - Snap shot by Dave Dziurzynski.
10:56 of 3rd period - Stopped by Oscar Dansk with a rebound.
10:58 of 3rd period - Snap shot by Mikhail Sergachev.
10:58 of 3rd period - Stopped by Oscar Dansk with a rebound.
11:00 of 3rd period - Snap shot by Dave Dziurzynski.
11:00 of 3rd period - Shot Misses the Net.
11:10 of 3rd period - Slapshot by Dave Dziurzynski.
11:10 of 3rd period - Goal by Dave Dziurzynski - Barracuda : 2 - Wolfpack : 5.
11:11 of 3rd period - Henrik Samuelsson wins face-off versus Emil Pettersson in neutral zone.
11:36 of 3rd period - Jonas Brodin is hit by Markus Nutivaara and loses puck.
12:08 of 3rd period - Minor Penalty to Alex Henriksson for Hooking.
12:09 of 3rd period - Sam Carrick wins face-off versus Maxime Sauvé in Barracuda zone.
13:29 of 3rd period - Derrick Pouliot is hit by Arturs Kulda and loses puck.
14:08 of 3rd period - Penalty to Alex Henriksson is over, Alex Henriksson is back on ice.
14:19 of 3rd period - Snap shot by Alex Henriksson.
14:19 of 3rd period - Goal by Alex Henriksson - Barracuda : 3 - Wolfpack : 5.
14:20 of 3rd period - Maxime Sauvé wins face-off versus Sam Carrick in neutral zone.
14:35 of 3rd period - Snap shot by Sebastian Collberg.
14:35 of 3rd period - Shot Misses the Net.
15:04 of 3rd period - Ryan Culkin is hit by Cole Ully and loses puck.
15:11 of 3rd period - Theodor Blueger is hit by Ryan Dzingel.
15:27 of 3rd period - Wrist shot by Alex Henriksson.
15:27 of 3rd period - Goal by Alex Henriksson - Barracuda : 4 - Wolfpack : 5.
15:28 of 3rd period - Maxime Sauvé wins face-off versus Mario Lucia in neutral zone.
15:33 of 3rd period - Wrist shot by Dave Dziurzynski.
15:33 of 3rd period - Shot Misses the Net.
16:31 of 3rd period - Off-side.
16:32 of 3rd period - Henrik Samuelsson wins face-off versus Noah Gregor in neutral zone.
16:43 of 3rd period - Snap shot by Ryan Dzingel.
16:43 of 3rd period - Stopped by Oscar Dansk without a rebound.
16:44 of 3rd period - Maxime Sauvé wins face-off versus Theodor Blueger in Barracuda zone.
16:55 of 3rd period - Snap shot by Maxime Sauvé.
16:55 of 3rd period - Stopped by Oscar Dansk with a rebound.
17:18 of 3rd period - Snap shot by Henrik Samuelsson.
17:18 of 3rd period - Shot Misses the Net.
17:24 of 3rd period - Minor Penalty to Eric Gustafsson for Hooking.
17:25 of 3rd period - Maxime Sauvé wins face-off versus Sam Carrick in Barracuda zone.
17:34 of 3rd period - Slapshot by Derrick Pouliot.
17:34 of 3rd period - Deflect By Dave Dziurzynski.
17:34 of 3rd period - Shot Misses the Net.
17:34 of 3rd period - Puck is out of play.
17:35 of 3rd period - Maxime Sauvé wins face-off versus Sam Carrick in Barracuda zone.
17:48 of 3rd period - Snap shot by Sebastian Collberg.
17:48 of 3rd period - Stopped by Oscar Dansk with a rebound.
17:50 of 3rd period - Snap shot by Maxime Sauvé.
17:50 of 3rd period - Stopped by Oscar Dansk without a rebound.
17:51 of 3rd period - Maxime Sauvé wins face-off versus Sam Carrick in Barracuda zone.
19:01 of 3rd period - William Carrier is hit by Sebastian Collberg and loses puck.
19:24 of 3rd period - Penalty to Eric Gustafsson is over, Eric Gustafsson is back on ice.
19:36 of 3rd period - Barracuda, Oscar Dansk is pulled from the net.
19:36 of 3rd period - Snap shot by Alex Iafallo.
19:36 of 3rd period - Stopped by Samuel Montembeault with a rebound.
19:38 of 3rd period - Wrist shot by Dmitrij Jaskin.
19:38 of 3rd period - Shot Blocked by Derrick Pouliot.
19:40 of 3rd period - Snap shot by Chris Wagner.
19:40 of 3rd period - Shot Misses the Net.
19:48 of 3rd period - Wrist shot by Dmitrij Jaskin.
19:48 of 3rd period - Deflect By Alex Iafallo.
19:48 of 3rd period - Shot Misses the Net.
19:48 of 3rd period - Puck is out of play.
19:49 of 3rd period - Dale Hunter call a timeout for Barracuda.
19:49 of 3rd period - David Pope wins face-off versus Chris Wagner in Wolfpack zone.
Goals for this period are 3 for Barracuda vs 1 for Wolfpack.
Shots for this period are 5 for Barracuda vs 20 for Wolfpack.